 Dungeon Crawl Stone Soup version 0.23.1-37-gaa34b87b72 (webtiles) character file.

Game seed: 732102121955269544

102 Andrea the Charmwright (level 5, -3/38 HPs)
             Began as a Human Skald on Mar 20, 2019.
             Killed from afar by an orc wizard (5 damage)
             ... with a puff of flame
             ... on level 3 of the Dungeon.
             The game lasted 00:04:31 (2677 turns).

Andrea the Charmwright (Human Skald)                Turns: 2677, Time: 00:04:31

Health: -3/38      AC:  6    Str: 12    XL:     5   Next: 5%
Magic:  7/9        EV: 11    Int: 14    God:
Gold:   106        SH:  0    Dex: 12    Spells: 8/9 levels left

rFire    . . .     SeeInvis .   a - +0 falchion
rCold    . . .     Gourm    .   (no shield)
rNeg     . . .     Faith    .   v - +0 ring mail
rPois    .         Spirit   .   t - +0 helmet
rElec    .         Reflect  .   (no cloak)
rCorr    .         Harm     .   (no gloves)
MR       .....                  (no boots)
Stlth    +.........             (no amulet)
HPRegen  0.12/turn              (no ring)
MPRegen  0.11/turn              (no ring)

@: infused
A: no striking features
a: no special abilities


You were on level 3 of the Dungeon.
You were not hungry.

You visited 1 branch of the dungeon, and saw 3 of its levels.

You collected 106 gold pieces.

Inventory:

Hand Weapons
 a - a +0 falchion (weapon)
Armour
 t - a +0 helmet (worn)
 v - a +0 ring mail (worn)
Jewellery
 i - an uncursed amulet of rage {unknown}
 m - a +2 ring of dexterity {unknown}
Wands
 s - a wand of acid (3)
Scrolls
 c - 3 scrolls of teleportation {unknown}
 e - 5 scrolls of remove curse {unknown}
 j - 2 scrolls of random uselessness {unknown}
 k - a scroll of blinking {unknown}
 n - a scroll of magic mapping {unknown}
 o - a scroll of identify {unknown}
 q - a scroll of enchant armour {unknown}
Potions
 f - a potion of agility {unknown}
 g - a potion of curing
 h - a potion of brilliance {unknown}
 l - a potion of flight {unknown}
 p - a potion of berserk rage {unknown}
 r - a potion of lignification {unknown}
Comestibles
 d - 6 rations
 u - 2 chunks of flesh


   Skills:
 - Level 2.0 Fighting
 * Level 3.6 Long Blades
 - Level 1.0 Armour
 - Level 2.0 Dodging
 + Level 2.8 Spellcasting
 + Level 3.6 Charms


You had 8 spell levels left.
You knew the following spells:

 Your Spells              Type           Power        Failure   Level  Hunger
a - Infusion              Chrm           ##..         11%         1    #......

Your spell library contained the following spells:

 Spells                   Type           Power        Failure   Level  Hunger
 Song of Slaying          Chrm           ##......     17%         2    ###....
 Shroud of Golubria       Chrm/Tloc      #.........   34%         2    ###....
 Regeneration             Chrm/Necr      #.........   56%         3    ###....
 Spectral Weapon          Hex/Chrm       #.......     56%         3    ###....


Dungeon Overview and Level Annotations

Branches:
Dungeon (3/15)

Altars:


Message History

You hit the orc wizard.
The orc wizard is severely wounded.
The orc wizard drinks a potion.
The orc wizard is healed!
You closely miss the orc wizard.
The orc wizard is heavily wounded.
The orc wizard hits you but does no damage.
You closely miss the orc wizard.
The orc wizard is heavily wounded.
The orc wizard points at you and mumbles some strange words.
The puff of flame hits you!
* * * LOW HITPOINT WARNING * * *
Casting: Infusion (safe; 11% risk of failure)
Confirm with . or Enter, or press ? or * to list all spells.
You begin infusing your attacks with magical energy.
The orc wizard hits you but does no damage.
You hit the orc wizard.
The orc wizard is almost dead.
The orc wizard casts a spell at you. The puff of flame hits you.
You die...

#......<.## #.....# #..#
..##.##### #.....###.##
#.........# #####
#......####
.....#####.####.#
#....##.# #.#
##......####.#
#..##.....##.#####
.###.####@#######..).....#
..#.#..o.# ####.##.## ###
#.#.#.#### #... # #.##
#.#.#.# #..## #..#
#.....## #.##
##.######....... #.#
##..#.......#### ..#
......###...# #.#
.##.#.......##


You could see an orc wizard.

Vanquished Creatures
  4 adders (D:2)
  A worm (D:3)
  A dart slug (D:1)
  A leopard gecko (D:2)
  5 orcs
  3 ball pythons
  6 bats
  2 giant cockroaches
  5 hobgoblins
  3 jackals (D:2)
  2 quokkas (D:2)
  4 frilled lizards
  6 goblins
  2 kobolds
  8 rats
53 creatures vanquished.

Notes
Turn   | Place    | Note
-------+----------+-------------------------------------------
     0 | D:1      | Andrea the Human Skald began the quest for the Orb.
     0 | D:1      | Reached XP level 1. HP: 16/16 MP: 3/3
   266 | D:1      | Reached XP level 2. HP: 14/22 MP: 5/5
   829 | D:2      | Reached XP level 3. HP: 24/27 MP: 6/6
  1131 | D:2      | Reached XP level 4. HP: 19/33 MP: 0/7
  2528 | D:3      | Reached XP level 5. HP: 38/38 MP: 5/9
  2677 | D:3      | Killed from afar by an orc wizard

Skill      XL: |  1  2  3 |
---------------+----------+-----
Long Blades    | 3 |  3.6
Fighting       | |  2.0
Armour         | |  1.0
Dodging        | |  2.0
Spellcasting   | |  2.8
Charms         | |  3.6

Action                   |  1- 3 |  4- 6 || total
-------------------------+-------+-------++-------
Melee: Falchion          |    88 |   100 ||   188
 Cast: Infusion          |     2 |    11 ||    13
  Eat: Chunk             |     1 |     2 ||     3
       Ration            |       |     1 ||     1
Armor: Leather armour    |    30 |    13 ||    43
       Ring mail         |       |    27 ||    27
Dodge: Dodged            |    76 |    49 ||   125
       Rpst.: Falchion   |    26 |    13 ||    39
